 Dungeon Crawl Stone Soup version 0.28.0-45-g0d030f2227 (webtiles) character file.

Game seed: 7421712390904825247

74 GreyArmor the Grave Robber (level 4, -14/45 HPs)
             Began as a Human Necromancer on Apr 18, 2022.
             Killed by an exploding endoplasm (24 damage)
             ... ignited by their inner flame
             ... on level 2 of the Dungeon.
             The game lasted 00:07:00 (2537 turns).

GreyArmor the Grave Robber (Human Necromancer)      Turns: 2537, Time: 00:07:03

Health: -14/45     AC: 22    Str:  9    XL:     4   Next: 54%
Magic:  3/7        EV:  2    Int: 17    God:
Gold:   121        SH:  0    Dex: 13    Spells: 6/8 levels left

rFire   . . .      SeeInvis .   c - +0 whip (venom)
rCold   . . .      Faith    .   (no shield)
rNeg    . . .      Spirit   .   (armour currently unavailable)
rPois   +          Reflect  .   (helmet currently unavailable)
rElec   .          Harm     .   (cloak currently unavailable)
rCorr   .          Rampage  .   (gloves currently unavailable)
Will    .....      NoTele   +   (boots currently unavailable)
Stlth   ++........              (no amulet)
HPRegen 0.15/turn               (no ring)
MPRegen 0.10/turn               (no ring)

@: tree-form
A: stationary, stasis, torment immunity, boosted hp
a: no special abilities


You were on level 2 of the Dungeon.
You were a tree.
You visited 1 branch of the dungeon, and saw 2 of its levels.

You collected 121 gold pieces.

Inventory:

Hand Weapons
 c - a +0 whip of venom (weapon)
 d - a +1 dagger of electrocution
 f - a +0 spear of freezing
Armour
 a - a +0 robe (melded)
Scrolls
 b - 2 scrolls of immolation
 e - a scroll of amnesia {unknown}
 g - 3 scrolls of holy word {unknown}


   Skills:
 + Level 2.8 Dodging
 + Level 2.9 Stealth
 + Level 2.6 Spellcasting
 + Level 4.4 Necromancy


You had 6 spell levels left.
You knew the following spells:

 Your Spells              Type           Power      Damage    Failure   Level
a - Pain                  Necr           68%        1d7       3%          1
b - Animate Skeleton      Necr           34%        N/A       3%          1

Your spell library contained the following spells:

 Spells                   Type           Power      Damage    Failure   Level
 Vampiric Draining        Necr           17%        2d7       9%          3
 Animate Dead             Necr           8%         N/A       28%         4
 Agony                    Necr           17%        N/A       63%         5


Dungeon Overview and Level Annotations

Branches:
Dungeon (2/15)

Altars:

Annotations:
D:2 Jessica


Message History

Aiming: Pain (safe; 3% risk of failure)
Press: ? - help, Shift-Dir - straight line, f/p - Jessica
Aim: Jessica, wielding a +0 dagger, wearing a +1 robe of positive energy and carrying a wand of polymorph (2) (moderately wounded, fast, chance to affect: 81%) Jessica barely resists.
Jessica hits you with a +0 dagger.
* * * LOW HITPOINT WARNING * * *
Jessica barely misses you.
Jessica zaps a wand.
You turn into a tree.
Your +0 robe melds into your body.
Your roots penetrate the ground.
You cannot move.
You hit Jessica.
Jessica is heavily wounded.
Jessica hits you but does no damage.
You hit Jessica.
Jessica is almost dead.
Jessica casts a spell.
Jessica blinks!
There are monsters nearby!
Casting: Pain (safe; 3% risk of failure)
Confirm with . or Enter, or press ? or * to list all spells.
Aiming: Pain (safe; 3% risk of failure)
Press: ? - help, Shift-Dir - straight line, f - endoplasm, p - Jessica
Aim: an endoplasm (chance to affect: 87%)
The endoplasm writhes in agony.
Jessica looks very angry.
The endoplasm freezes you.
You are frozen.
* * * LOW HITPOINT WARNING * * *
You aren't carrying any potions.
As you read the scroll labelled FEVECA IBILL, it crumbles to dust.
The creatures around you are filled with an inner flame!
It was a scroll of immolation.
Jessica gestures wildly while chanting.
Jessica blinks!
The endoplasm hits you but does no damage.
You hit the endoplasm.
Flame seeps out of the endoplasm.
The endoplasm is moderately wounded.
The endoplasm is engulfed in blazing flames.
The endoplasm explodes!
The fiery explosion engulfs you!!
Ouch! That really hurt!
You die...

## #..#.. .# #
.. ...@. ####
#.##.#. .... #
...# #.#.#.
.#.#. ...#
#.... .§.. ...#
##.#.#.#..# .##
#.....§.§.##.##
.. #§○§.....#
## ##♣#.###.#
## #.#.## .#
#.#..# .#
#.##.# # .##
#.##.##.# ..#
#.......# ..#
... ####.####
..# ..... ##.##
..# .... #.#.#


You could see Jessica (fast, inner flame).

Vanquished Creatures
  4 gnolls (D:2)
  3 ball pythons
  2 bats (D:1)
  4 endoplasms
  A giant cockroach (D:1)
  A goblin (D:1)
  6 hobgoblins
  9 kobolds (D:1)
  3 rats
33 creatures vanquished.

Notes
Turn   | Place    | Note
-------+----------+-------------------------------------------
     0 | D:1      | GreyArmor the Human Necromancer began the quest for the
                  | Orb.
     0 | D:1      | Reached XP level 1. HP: 13/13 MP: 3/3
     2 | D:1      | Learned a level 1 spell: Animate Skeleton
   266 | D:1      | Reached XP level 2. HP: 9/19 MP: 1/5
  1167 | D:1      | Reached XP level 3. HP: 19/24 MP: 2/6
  1194 | D:1      | HP: 1/24 [hobgoblin (3)]
  2098 | D:2      | Reached XP level 4. HP: 17/30 MP: 2/7
  2526 | D:2      | Noticed Jessica
  2537 | D:2      | Killed by an exploding endoplasm... ignited by their inner
                  | flame

Illustrated notes

Levels and vault maps discovered:
D:1:      matt_arrival_grand_opening, layout_basic
D:2:      layout_loops_cross, basic_ecumenical_altar, serial_park_tiny_pond,
          kennysheep_generic_room_5, uniq_robin, uniq_jessica

Action                   |  1- 3 |  4- 6 || total
-------------------------+-------+-------++-------
Melee: Whip              |    22 |     4 ||    26
 Cast: Pain              |    52 |    14 ||    66
       Animate Skeleton  |     1 |       ||     1
  Use: Potion            |     2 |       ||     2
       Scroll            |       |     1 ||     1
Armor: Robe              |     7 |       ||     7
       Skin              |       |     2 ||     2
Dodge: Dodged            |    24 |     4 ||    28
